 Dungeon Crawl Stone Soup version 0.17-a0-1923-gc35365e (webtiles) character file.

114 Ordine the Digger (level 4, -5/24 HPs)
             Began as a Gargoyle Earth Elementalist on Sept 28, 2015.
             Killed by divine providence
             ... invoked by an orc priest
              (8 damage)
             ... on level 3 of the Dungeon.
             The game lasted 00:23:57 (2662 turns).

Ordine the Digger (Gargoyle Earth Elementalist)     Turns: 2662, Time: 00:23:57

Health: -5/24      AC:  6    Str: 11    XL:     4   Next: 97%
Magic:  0/9        EV: 12    Int: 17    God:
Gold:   106        SH:  0    Dex: 10    Spells: 3 memorised, 4 levels left

rFire  . . .     SeeInvis .     e - +1 club
rCold  . . .     Clarity  .     b - +0 robe
rNeg   + . .     SustAt   .     (no shield)
rPois  ∞         Gourm    .     (no helmet)
rElec  +         Spirit   .     (no cloak)
rCorr  .         Warding  .     l - +0 pair of gloves
rMut   .         Stasis   .     (no boots)
MR     .....                    (no amulet)
Stlth  ++........               (no ring)
                                (no ring)

@: not resistant to hostile enchantments, unstealthy
A: negative energy resistance 1, electricity resistance, unbreathing,
petrification resistance, rot immunity, AC +3
a: no special abilities


You were on level 3 of the Dungeon.
You were not hungry.

You visited 1 branch of the dungeon, and saw 3 of its levels.

You collected 106 gold pieces.

Inventory:

Hand weapons
 e - a +1 club (weapon)
Missiles
 a - 131 stones (quivered)
Armour
 b - a +0 robe (worn)
 l - a +0 pair of gloves (worn)
Jewellery
 j - a +5 ring of strength {unknown}
Potions
 h - a potion of heal wounds {unknown}
 i - a potion of brilliance {unknown}
 k - a potion of curing {unknown}
Books
 c - a book of Geomancy

   Spells                             Type                      Level
   a - Sandblast                      Earth                        1
   b - Stoneskin                      Transmutation/Earth          2
   c - Passwall                       Transmutation/Earth          3
   d - Stone Arrow                    Conjuration/Earth            3
   e - Petrify                        Transmutation/Earth          4
   f - Lee's Rapid Deconstruction     Earth                        5
Comestibles
 d - a bread ration
 g - a beef jerky


   Skills:
 - Level 1.5 Dodging
 - Level 2.1 Stealth
 * Level 3.7 Spellcasting
 + Level 1.4 Conjurations
 - Level 0.7 Transmutations
 + Level 4.6 Earth Magic


You had 4 spell levels left.
You knew the following spells:

 Your Spells              Type           Power        Failure   Level  Hunger
a - Sandblast             Erth           ###...       2%          1    None
b - Stoneskin             Trmt/Erth      ##......     10%         2    ##.....
c - Stone Arrow           Conj/Erth      ##....       17%         3    ###....


Dungeon Overview and Level Annotations

Branches:
Dungeon (3/15)

Altars:
Nemelex Xobeh


Innate Abilities, Weirdness & Mutations

You are resistant to torment.
Your stone body is resilient (AC +3).
You are immune to poison.
You resist negative energy.
You are resistant to electric shocks.
You can survive without breathing.
You are immune to petrification.
You are immune to rotting.


Message History

Aim: an orc, wielding a club and wearing a leather armour The blast of sand hits the giant cockroach.
The giant cockroach bites you but does no damage.
You hit the giant cockroach but do no damage.
The giant cockroach closely misses you.
The giant cockroach bites you but does no damage.
Casting: Sandblast
Confirm with . or Enter, or press ? or * to list all spells.
Aiming: Sandblast
Press: ? - help, Shift-Dir - straight line, f - giant cockroach, p - orc
Aim: a giant cockroach (clinging)
The blast of sand hits the giant cockroach.
The giant cockroach barely misses you.
Drink which item? (? for menu, Esc to quit)
Okay, then.
Read which item? (? for menu, Esc to quit)
Okay, then.
The orc priest mumbles some strange prayers to Beogh against you.
Something smites you!
You die...

...............###
..>..............#
.##....#........#
....##...#.%....#
.....##.........# ##
#####..(.<.#.%....# ...
..?.....####..s###
...###.....## ###)#
#.....@...# #.#######
...#...s.[.# #.......# #
##.s...## ##......# #.
#.....########......# ...
#o##.###.o..s.o.....#
..#.#.#.######.############
......o..###..s#
...##.....##l### #.....#..#


You could see an orc priest, an orc and 2 giant cockroaches.

Vanquished Creatures
  3 adders (D:2)
  A worm (D:2)
  3 giant geckos
  3 orcs (D:3)
  12 bats
  4 giant cockroaches
  4 hobgoblins
  2 quokkas
  8 giant newts
  3 goblins
  13 jackals
  11 kobolds
  9 rats
76 creatures vanquished.

Notes
Turn   | Place    | Note
--------------------------------------------------------------
     0 | D:1      | Ordine the Gargoyle Earth Elementalist began the quest for the Orb.
     0 | D:1      | Reached XP level 1. HP: 10/10 MP: 3/3
   146 | D:1      | Reached XP level 2. HP: 15/15 MP: 5/5
   155 | D:1      | Learned a level 2 spell: Stoneskin
   222 | D:1      | Reached skill level 4 in Earth Magic
   681 | D:1      | Reached XP level 3. HP: 16/19 MP: 2/7
   686 | D:1      | Learned a level 3 spell: Stone Arrow
  1409 | D:2      | Reached XP level 4. HP: 6/24 MP: 0/9
  2168 | D:2      | Reached skill level 1 in Conjurations
  2454 | D:2      | Found a sparkling altar of Nemelex Xobeh.
  2556 | D:2      | Found a faded altar to an unknown god.
  2662 | D:3      | Killed from afar by an orc priest

Vault maps used:
D:1:      lightli_arrival_flooded_house, minmay_misc_feat_chi, minmay_vboxes
D:2:      lemuel_doored_altar, ecumenical_altar_1
D:3:      lemuel_round_altar, first_bread, uniq_iyjb, uniq_sigmund

Action                   |  1- 3 |  4- 6 || total
-------------------------+-------+-------++-------
Melee: Club              |    97 |    21 ||   118
       Unarmed           |     3 |       ||     3
 Cast: Sandblast         |    71 |    61 ||   132
  Use: Scroll            |     4 |     1 ||     5
 Stab: Sleeping          |     1 |       ||     1
  Eat: Chunk             |     1 |     5 ||     6
